 Dungeon Crawl Stone Soup version 0.30-a0-43-gbbf338a72c (webtiles) character file.

Game seed: 16945348935541954937

1155 abdbla the Trooper (level 8, -1/51 HPs)
             Began as a Gargoyle Fighter on Aug 31, 2022.
             Was a Believer of Okawaru.
             Slain by a yak (3 damage)
             ... on level 5 of the Dungeon.
             The game lasted 00:06:17 (4741 turns).

abdbla the Trooper (Gargoyle Fighter)               Turns: 4741, Time: 00:06:17

Health: -1/51      AC: 23    Str: 23    XL:     8   Next: 39%
Magic:  8/8        EV:  6    Int:  8    God:    Okawaru [**....]
Gold:   299        SH:  5    Dex: 11    Spells: 7/7 levels left

rFire   . . .      SeeInvis +    a - +0 flail
rCold   . . .      Faith    .    c - +0 buckler
rNeg    + . .      Spirit   .    s - +0 plate armour
rPois   ∞          Reflect  .    e - +2 helmet
rElec   +          Harm     .    A - +0 cloak
rCorr   .          Rampage  .    (no gloves)
Will    .....      Rnd*Tele +    (no boots)
Stlth   ..........               (no amulet)
HPRegen 0.17/turn                w - ring of see invisible
MPRegen 0.11/turn                (no ring)

@: mighty, about to teleport
A: sickness immunity, AC +5, negative energy resistance 1, electricity
resistance, torment resistance 1, petrification resistance, fangs 1, thin
skeletal structure 1, teleportitis 1
a: Renounce Religion, Heroism


You were on level 5 of the Dungeon.
You worshipped Okawaru.
Okawaru was pleased with you.
You visited 2 branches of the dungeon, and saw 6 of its levels.

You collected 299 gold pieces.

Inventory:

Hand Weapons
 a - a +0 flail (weapon)
 x - a +0 morningstar
Armour
 c - a +0 buckler (worn)
 e - a +2 helmet (worn)
 s - a +0 plate armour (worn)
 A - a +0 cloak (worn)
Jewellery
 k - an amulet of faith
 w - a ring of see invisible (left hand)
 B - a ring of flight
Wands
 t - a wand of flame (2)
 y - a wand of light (13)
Scrolls
 b - a scroll of fear {unknown}
 g - a scroll of enchant weapon {unknown}
 h - a scroll of blinking {unknown}
 l - a scroll of magic mapping {unknown}
 m - a scroll of noise {unknown}
 n - a scroll of vulnerability {unknown}
 p - 2 scrolls of identify {unknown}
 q - 2 scrolls of teleportation
 v - a scroll of summoning {unknown}
 D - a scroll of poison {unknown}
Potions
 f - a potion of berserk rage {unknown}
 i - 2 potions of mutation
 j - a potion of heal wounds {unknown}
 o - a potion of brilliance {unknown}
 r - 2 potions of cancellation {unknown}
 u - a potion of magic {unknown}
 z - a potion of haste
 C - a potion of curing {unknown}


   Skills:
 + Level 6.2 Fighting
 + Level 5.1 Maces & Flails
 + Level 6.2 Armour
 + Level 6.2 Shields


You had 7 spell levels left.
You didn't know any spells.
Your spell library contained the following spells:

 Spells                   Type           Power      Damage    Failure   Level
 Slow                     Hex            0%         N/A       100%        1
 Wereblood                Tmut           0%         N/A       100%        2
 Confusing Touch          Hex            0%         N/A       100%        3
 Portal Projectile        Hex/Tloc       0%         N/A       100%        3
 Vampiric Draining        Necr           0%         2d6       100%        3
 Blade Hands              Tmut           0%         N/A       100%        5
 Sublimation of Blood     Necr           Unusable   N/A       N/A         2
 Tukima's Dance           Hex            Unusable   N/A       N/A         3
 Summon Hydra             Summ           Unusable   N/A       N/A         7

Dungeon Overview and Level Annotations

Branches:
Dungeon (5/15)             Temple (1/1) D:4

Altars:
Ashenzari
Cheibriados
Dithmenos
Elyvilon
Fedhas
Gozag
Hepliaklqana
Kikubaaqudgha
Makhleb
Nemelex Xobeh
Okawaru
Qazlal
Ru
Sif Muna
Trog
Uskayaw
Vehumet
Wu Jian
Xom
Yredelemnul
Zin
The Shining One


Innate Abilities, Weirdness & Mutations

You are immune to sickness and miasma.
Your stone body is resilient. (AC +5)
You are immune to poison.
You resist negative energy. (rN+)
You are resistant to electric shocks. (rElec)
You are resistant to unholy torment.
You are immune to petrification.
You have very sharp teeth.
You have a somewhat thin skeletal structure. (Dex +2, Stealth+)
You are occasionally teleported next to monsters.


Message History

The yak gores you.
You barely miss the yak.
The yak is almost dead.
The yak gores you but does no damage.
You thump the yak!
You kill the yak!
Okawaru is honoured by your kill.
Your Fighting skill increases to level 6!
Your Armour skill increases to level 6!
Your Shields skill increases to level 6!
You closely miss the yak.
The yak is heavily wounded.
The yak gores you but does no damage.
You sock the yak!
The yak is severely wounded.
You block the yak's attack. The yak barely misses you.
You sock the yak!
The yak is almost dead.
The yak gores you.
* * * LOW HITPOINT WARNING * * *
You hit the yak but do no damage.
The yak is almost dead.
The yak barely misses you.
You sock the yak!
You kill the yak!
Okawaru accepts your kill.
Your Maces & Flails skill increases to level 5!
You sock the yak!
The yak is heavily wounded.
The yak gores you.
* * * LOW HITPOINT WARNING * * *
As you read the scroll labelled FYAGUCV ZOALA, it crumbles to dust.
You feel strangely unstable.
It was a scroll of teleportation.
The yak gores you!
* * * LOW HITPOINT WARNING * * *
It was a potion of mutation.
You feel extremely strange.
Your bones become slightly less dense.
You feel weirdly uncertain.
Your teeth lengthen and sharpen.
The yak gores you.
You die...

#..................#
##.)................#
#...................#
##.##...............##
#.)####.............#
##.)...###...........#
..#.<......####..>..##
..######....<...######
..## ######..@YY..#
...# #####...... #..#
####. ##..# ..# #..#
#.# .. .#


You could see 2 yaks.

Vanquished Creatures
  Pikel (D:4)
  2 yaks (D:5)
  A black bear (D:4)
  A hound (D:4)
  Ijyb (D:3)
  An iguana (D:4)
  2 orc wizards (D:5)
  Terence (D:2)
  Robin (D:2)
  4 gnolls (D:4)
  2 adders
  4 worms
  11 orcs
  3 ball pythons
  8 endoplasms
  A giant cockroach (D:1)
  11 goblins
  9 hobgoblins
  A kobold (D:2)
  4 quokkas
  7 bats
  4 frilled lizards
  6 rats
86 creatures vanquished.

Notes
Turn   | Place    | Note
-------+----------+-------------------------------------------
     0 | D:1      | abdbla the Gargoyle Fighter began the quest for the Orb.
     0 | D:1      | Reached XP level 1. HP: 14/14 MP: 1/1
   414 | D:1      | Reached XP level 2. HP: 19/19 MP: 2/2
   730 | D:1      | Found a faded altar of an unknown god.
  1122 | D:1      | Reached XP level 3. HP: 23/23 MP: 3/3
  1301 | D:2      | Noticed Terence
  1308 | D:2      | Killed Terence
  1590 | D:2      | Noticed Robin
  1592 | D:2      | Reached XP level 4. HP: 29/29 MP: 4/4
  1624 | D:2      | Killed Robin
  2348 | D:3      | Noticed Ijyb
  2374 | D:3      | Killed Ijyb
  2375 | D:3      | Reached XP level 5. HP: 18/33 MP: 5/5
  3143 | D:4      | Found a staircase to the Ecumenical Temple.
  3159 | Temple   | Entered the Ecumenical Temple
  3343 | Temple   | Became a worshipper of Warmaster Okawaru
  3499 | D:4      | Noticed a black bear
  3509 | D:4      | Killed a black bear
  3510 | D:4      | Reached XP level 6. HP: 14/39 MP: 6/6
  3777 | D:4      | Noticed Pikel
  3798 | D:4      | Killed Pikel
  3798 | D:4      | Reached * piety under Okawaru
  3799 | D:4      | Reached skill level 5 in Fighting
  3799 | D:4      | Reached skill level 5 in Armour
  3799 | D:4      | Reached skill level 5 in Shields
  3799 | D:4      | Reached XP level 7. HP: 34/44 MP: 7/7
  3880 | D:4      | Found an opulent altar of Gozag.
  3880 | D:4      | Found a sparkling altar of Nemelex Xobeh.
  3974 | D:4      | Found a hide-covered altar of Uskayaw.
  3974 | D:4      | Found a hazy altar of Hepliaklqana.
  3976 | D:4      | Found a white marble altar of Elyvilon.
  4500 | D:5      | Entered Level 5 of the Dungeon
  4635 | D:5      | Identified the +5 mace "Newtslayer" {venom, Str+4 Int+4}
  4646 | D:5      | Reached XP level 8. HP: 46/51 MP: 8/8
  4719 | D:5      | Noticed a yak
  4719 | D:5      | Noticed a yak
  4720 | D:5      | Noticed a yak
  4720 | D:5      | Noticed a yak
  4733 | D:5      | Killed a yak
  4738 | D:5      | Killed a yak
  4738 | D:5      | Reached ** piety under Okawaru
  4739 | D:5      | Reached skill level 5 in Maces & Flails
  4740 | D:5      | HP: 2/51 [yak (8)]
  4741 | D:5      | Gained mutation: You have a somewhat thin skeletal
                  | structure. (Dex +2, Stealth+) [potion of mutation]
  4741 | D:5      | Gained mutation: You are occasionally teleported next to
                  | monsters. [potion of mutation]
  4741 | D:5      | Gained mutation: You have very sharp teeth. [potion of
                  | mutation]
  4741 | D:5      | Slain by a yak

Illustrated notes

Levels and vault maps discovered:
D:1:      minmay_arrival_open_corners, layout_loops_corners,
          chequers_ecumenical_altar_lobes
D:2:      layout_loops_ring, uniq_robin, uniq_terence
D:3:      layout_basic, uniq_ijyb
D:4:      layout_basic, grunt_temple_overflow_opulence, minitemple,
          minmay_temple_entry_large_hall, minivault_1, uniq_pikel
D:5:      layout_cave_pods, st_stairs_1
Temple:   bh_familiar_temple

Skill      XL: |  1  2  3  4  5  6  7  8 |
---------------+-------------------------+-----
Fighting       | 4 5 6 |  6.2
Shields        | 4 5 6 |  6.2
Armour         | 4 5 6 |  6.2
Maces & Flails | 3 4 5 |  5.1

Action                   |  1- 3 |  4- 6 |  7- 9 || total
-------------------------+-------+-------+-------++-------
Melee: Flail             |    70 |   161 |   106 ||   337
  Use: Potion            |       |     1 |     2 ||     3
       Scroll            |       |       |     1 ||     1
Armor: Scale mail        |    42 |    31 |       ||    73
       Plate armour      |       |    72 |    60 ||   132
Dodge: Dodged            |    38 |    68 |    26 ||   132
Block: Buckler           |    12 |    44 |    28 ||    84

Table legend: (Time is in decaauts)
 A = Elapsed time spent in this place.
 B = Non-inter-level travel time spent in this place.
 C = Inter-level travel time spent in this place.
 D = Time resting spent in this place.
 E = Time spent auto-exploring this place.
 F = Levels seen in this place.
 G = Mean time per level.
                   A        B        C        D        E       F      G
               +--------+--------+--------+--------+--------+-----+--------+
         Total |   4834 |   4557 |    277 |    605 |   3110 |   6 |  805.7 |
       Dungeon |   4623 |   4370 |    253 |    605 |   2957 |   5 |  924.6 |
        Temple |    210 |    186 |     24 |      0 |    153 |   1 |  210.0 |
               +--------+--------+--------+--------+--------+-----+--------+

Top non-repeatable levels by time:
     D:1: 1299 daAuts
     D:4: 1217 daAuts
     D:2: 962 daAuts
     D:3: 938 daAuts
  Temple: 210 daAuts
     D:5: 205 daAuts
